 Dungeon Crawl Stone Soup version 0.31-a0-210-gccc998d (webtiles) character file.

Game seed: 377242782056051896

80 Dawnplanks the Ruffian (level 4, -3/67 HPs)
             Began as a Troll Berserker on June 29, 2023.
             Was a Believer of Trog.
             Slain by a gnoll
             ... wielding a +0 spear
              (4 damage)
             ... on level 3 of the Dungeon.
             The game lasted 00:02:30 (1853 turns).

Dawnplanks the Ruffian (Troll Berserker)            Turns: 1853, Time: 00:02:30

Health: -3/67      AC:  6    Str: 27    XL:     4   Next: 18%
Magic:  3/3        EV: 10    Int:  3    God:    Trog [**....]
Gold:   37         SH:  0    Dex:  9    Spells: 3/3 levels left

rFire   . .          .
                       - Unarmed
rCold   . . .        (no shield)
rNeg    . . .        a - +0 animal skin
rPois   .            (helmet restricted)
rElec   .            d - +1 cloak
rCorr   .            (gloves unavailable)
SInv    .            (boots unavailable)
Will    .....        (no amulet) Stlth
                     (no ring)
HPRegen 1.11/turn    (no ring)
MPRegen 0.08/turn

%: no passive effects
@: berserking (expiring), very quick
A: large, unfitting armour, claws 3, regeneration 1, shaggy fur 1, tough skin 1
a: Renounce Religion, Berserk, Trog's Hand


You were on level 3 of the Dungeon.
You worshipped Trog.
Trog was pleased with you.
You visited 1 branch of the dungeon, and saw 3 of its levels.

You collected 37 gold pieces.

Inventory:

Missiles
 h - 19 stones (quivered)
Armour
 a - a +0 animal skin (worn)
 d - a +1 cloak (worn)
Wands
 i - a wand of digging (5)
Scrolls
 b - a scroll of identify {unknown}
 e - a scroll of revelation {unknown}
 f - a scroll of amnesia {unknown}
 g - 2 scrolls of torment {unknown}
 j - a scroll of silence {unknown}
 l - a scroll of fog {unknown}
Potions
 c - a potion of enlightenment {unknown}
 k - 2 potions of heal wounds {unknown}


   Skills:
 + Level 3.2 Fighting
 + Level 3.1 Dodging
 + Level 3.5 Unarmed Combat


You had 3 spell levels left.
You didn't know any spells.
Your spell library contained the following spells:

 Spells                   Type           Power      Damage    Failure   Level
 Call Canine Familiar     Summ           0%         N/A       88%         3
 Portal Projectile        Hex/Tloc       0%         N/A       88%         3
 Leda's Liquefaction      Hex/Erth       0%         N/A       99%         4


Dungeon Overview and Level Annotations

Branches:
Dungeon (3/15)

Altars:
Gozag


Innate Abilities, Weirdness & Mutations

You are too large for most types of armour.
You have claws for hands.
Your natural rate of healing is unusually fast.
You are covered in fur. (AC +1)
You have tough skin. (AC +1)


Message History

The adder bites you.
* * * LOW HITPOINT WARNING * * *
You are poisoned.
The adder poisons you!
You closely miss the adder.
The adder is moderately wounded.
You feel sick. The kobold closely misses you.
The frilled lizard bites you but does no damage.
The gnoll hits you but does no damage. The gnoll closely misses you.
You miss the adder.
The adder is moderately wounded.
You feel sick. The adder misses you.
The frilled lizard bites you but does no damage.
The gnoll hits you but does no damage. The gnoll misses you.
The kobold misses you.
You closely miss the adder.
The adder is moderately wounded.
The adder bites you but does no damage.
You miss the adder.
The adder is moderately wounded.
You feel sick. The gnoll barely misses you.
The frilled lizard barely misses you. The gnoll hits you with a +0 club.
* * * LOW HITPOINT WARNING * * *
The kobold hits you with a +0 short sword.
* * * LOW HITPOINT WARNING * * *
The adder closely misses you.
You mangle the adder!!
You kill the adder!
Trog accepts your kill.
You have reached level 4!
You mangle the gnoll!!
You kill the gnoll!
Trog accepts your kill.
You feel sick. The frilled lizard bites you.
* * * LOW HITPOINT WARNING * * *
The gnoll barely misses you. The kobold barely misses you.
You closely miss the kobold.
You feel sick.
You are no longer poisoned.
The gnoll hits you from afar with a +0 spear.
You die...

### .##### #.# .....#
#####.# #. .....
####.....# #. #.#.#
#.##.##### #. . ....#
#<##<# ....###.g.# #
#.##.# # #..lK).#.#
#.##.# ##.####.##@†...#
#.##.#
........#....#####....#
................##.####
#.####.#######.##.#
#.........##.# #
###.#.###.#....#
.##.##...#.....#.##.#
.......#.#.._..#...>#
##......#.....#..###


You could see a gnoll, a kobold and a frilled lizard.

Vanquished Creatures
  3 gnolls (D:3)
  2 adders
  2 dart slugs (D:2)
  3 endoplasms
  2 goblins (D:1)
  2 hobgoblins (D:1)
  3 kobolds
  2 quokkas (D:2)
  4 ball pythons
  3 bats
  5 frilled lizards
  4 rats
35 creatures vanquished.

Notes
Turn   | Place    | Note
-------+----------+-------------------------------------------
     0 | D:1      | Dawnplanks the Troll Berserker began the quest for the Orb.
     0 | D:1      | Reached XP level 1. HP: 22/22 MP: 0/0
   143 | D:1      | You fall into a shaft and drop 1 floor!
   223 | D:2      | Reached XP level 2. HP: 29/29 MP: 1/1
  1171 | D:2      | Reached XP level 3. HP: 36/36 MP: 2/2
  1411 | D:2      | Reached ** piety under Trog
  1797 | D:3      | Found an opulent altar of Gozag.
  1852 | D:3      | Reached XP level 4. HP: 5/45 MP: 3/3
  1852 | D:3      | HP: 1/67 [frilled lizard (3)]
  1853 | D:3      | Slain by a gnoll

Illustrated notes

Levels and vault maps discovered:
D:1:      minmay_arrival_stair_chambers, layout_basic, glass_columns_a
D:2:      layout_loops_corners
D:3:      minmay_evil_eye, layout_loops_ring, mainiacjoe_overflow_cross_hatched,
          dreamdust_ecumenical_altar_hidden_monk_grotto

Skill      XL: |  1  2  3 |
---------------+----------+-----
Dodging        | 3 |  3.1
Fighting       | 3 |  3.2
Unarmed Combat | |  3.5

Action                     |  1- 3 |  4- 6 || total
---------------------------+-------+-------++-------
  Melee: Unarmed           |   108 |     2 ||   110
         Punch             |     3 |       ||     3
  Throw: Stone             |     4 |       ||     4
 Invoke: Berserk           |     1 |       ||     1
   Stab: Sleeping          |     2 |       ||     2
 Armour: Animal skin       |    43 |       ||    43
  Dodge: Dodged            |    61 |     2 ||    63

Table legend: (Time is in decaauts)
 A = Elapsed time spent in this place.
 B = Non-inter-level travel time spent in this place.
 C = Inter-level travel time spent in this place.
 D = Time resting spent in this place.
 E = Time spent auto-exploring this place.
 F = Levels seen in this place.
 G = Mean time per level.
                   A        B        C        D        E       F      G
               +--------+--------+--------+--------+--------+-----+--------+
         Total |   1840 |   1763 |     77 |      0 |   1523 |   3 |  613.3 |
       Dungeon |   1840 |   1763 |     77 |      0 |   1523 |   3 |  613.3 |
               +--------+--------+--------+--------+--------+-----+--------+

Top non-repeatable levels by time:
     D:1: 941 daAuts
     D:2: 811 daAuts
     D:3: 87 daAuts
